 Dungeon Crawl Stone Soup version 0.26.1-11-gd32895ea62 (webtiles) character file.

Game seed: 6959897099097128897

48 DildoBatman the Conjurer (level 4, -4/30 HPs)
             Began as a Formicid Conjurer on July 20, 2021.
             Slain by a kobold
             ... wielding a +0 club
              (5 damage)
             ... on level 3 of the Dungeon.
             The game lasted 00:03:14 (1386 turns).

DildoBatman the Conjurer (Formicid Conjurer)        Turns: 1386, Time: 00:03:15

Health: -4/30      AC:  3    Str: 12    XL:     4   Next: 0%
Magic:  7/7        EV: 16    Int: 17    God:
Gold:   66         SH:  0    Dex: 10    Spells: 4/7 levels left

rFire    . . .     SeeInvis +   a - +0 whip (venom)
rCold    . . .     Faith    .   (no shield)
rNeg     . . .     Spirit   .   m - +0 robe
rPois    .         Reflect  .   (helmet unavailable)
rElec    .         Harm     .   j - +0 cloak (curse)
rCorr    .         Rampage  .   (no gloves)
Will     .....                  (no boots)
Stlth    ++........             (no amulet)
HPRegen  0.10/turn              i - +4 ring of evasion
MPRegen  0.10/turn              (no ring)

@: no status effects
A: permanent stasis, dig shafts and tunnels, four strong arms, antennae 3
a: Dig, Shaft Self


You were on level 3 of the Dungeon.
You visited 1 branch of the dungeon, and saw 3 of its levels.

You collected 66 gold pieces.

Inventory:

Hand Weapons
 a - a +0 whip of venom (weapon)
 c - a +0 club
 q - a +0 hunting sling
Missiles
 b - 15 bolts
 h - 47 stones
 l - 12 sling bullets
Armour
 j - a cursed +0 cloak (worn)
 m - a +0 robe (worn)
Jewellery
 i - a +4 ring of evasion (left hand)
Scrolls
 d - a scroll of remove curse {unknown}
 f - a scroll of enchant weapon {unknown}
 g - a scroll of identify {unknown}
 k - a scroll of amnesia {unknown}
 p - a scroll of fear {unknown}
Potions
 e - a potion of curing {unknown}
 n - 2 potions of flight {unknown}
 o - a potion of brilliance {unknown}
 r - a potion of haste {unknown}


   Skills:
 + Level 1.0 Maces & Flails
 - Level 1.7 Dodging
 - Level 2.4 Stealth
 - Level 2.1 Spellcasting
 * Level 4.6 Conjurations


You had 4 spell levels left.
You knew the following spells:

 Your Spells              Type           Power        Failure   Level
a - Searing Ray           Conj           34%          4%          2
c - Magic Dart            Conj           68%          2%          1

Your spell library contained the following spells:

 Spells                   Type           Power        Failure   Level
 Dazzling Flash           Conj/Hex       18%          22%         3
 Fulminant Prism          Conj/Hex       4%           58%         4
 Iskenderun's Mystic Bla  Conj/Tloc      9%           58%         4


Dungeon Overview and Level Annotations

Branches:
Dungeon (2/15)

Altars:


Innate Abilities, Weirdness & Mutations

You cannot be hasted, slowed, berserked, paralysed or teleported.
You can dig through walls and to a lower floor.
Your four strong arms can wield two-handed weapons with a shield.
You have a pair of large antennae on your head. (SInv)


Message History

Anything else - Cancel.
You shout for attention!
The kobold hits you with a +0 club. What are your orders? t - Shout!
Orders for allies: a - Attack new target. r - Retreat! s - Stop attacking. g - Guard the area. f - Follow me.
Anything else - Cancel.
You shout for attention!
The kobold closely misses you. What are your orders? t - Shout!
Orders for allies: a - Attack new target. r - Retreat! s - Stop attacking. g - Guard the area. f - Follow me.
Anything else - Cancel.
You shout for attention!
The kobold hits you with a +0 club.
You die...

#####
...
...
...
#.#
#.#
#.#
#@#
#K#
...
.#.##
.....
#.
...
#.
... #
....#


You could see a kobold.

Vanquished Creatures
  A dart slug (D:1)
  3 leopard geckos
  2 giant cockroaches (D:2)
  5 goblins (D:1)
  7 hobgoblins
  5 jackals (D:1)
  7 bats
  6 rats
36 creatures vanquished.

Notes
Turn   | Place    | Note
-------+----------+-------------------------------------------
     0 | D:1      | DildoBatman the Formicid Conjurer began the quest for the
                  | Orb.
     0 | D:1      | Reached XP level 1. HP: 13/13 MP: 3/3
   220 | D:1      | Reached XP level 2. HP: 19/19 MP: 1/5
   224 | D:1      | Learned a level 2 spell: Searing Ray
   367 | D:1      | Reached skill level 4 in Conjurations
   750 | D:1      | Reached XP level 3. HP: 23/24 MP: 1/6
  1306 | D:2      | Reached skill level 1 in Maces & Flails
  1306 | D:2      | Reached XP level 4. HP: 23/30 MP: 4/7
  1308 | D:2      | You fall into a shaft and drop 1 floor!
  1384 | D:3      | HP: 1/30 [kobold/+0 club (4)]
  1386 | D:3      | Slain by a kobold

Illustrated notes

Levels and vault maps discovered:
D:1:      mrwooster_arrival_arrow, layout_basic
D:2:      layout_basic, lemuel_round_altar, hangedman_decor_slide_cut,
          grunt_qazlal_sundering, uniq_natasha
D:3:      layout_loops_corners, uniq_robin

Skill      XL: |  1  2  3 |
---------------+----------+-----
Conjurations   | 4 |  4.6
Maces & Flails | 1 |  1.0
Dodging        | |  1.7
Stealth        | |  2.4
Spellcasting   | |  2.1

Action                   |  1- 3 |  4- 6 || total
-------------------------+-------+-------++-------
Melee: Club              |     4 |       ||     4
       Whip              |    26 |       ||    26
 Cast: Magic Dart        |    24 |       ||    24
       Searing Ray       |    10 |       ||    10
 Abil: Dig               |     1 |       ||     1
       Shaft Self        |       |     1 ||     1
 Stab: Sleeping          |     1 |       ||     1
Armor: Robe              |     7 |     9 ||    16
Dodge: Dodged            |    47 |    38 ||    85
